 Zot Defence DCSS version 0.16-a0-3843-ged98c6c (console) character file.

8 carlseen the Stinger (level 2, 0/13 HPs)
             Began as a Spriggan Venom Mage on Jan 30, 2015.
             Slain by a kobold
             ... wielding a +0 short sword
              (3 damage)
             ... in the Realm of Zot (Scenario I: Hall of Zot).
             The game lasted 00:04:23 (242 turns).

carlseen the Stinger (Spriggan Venom Mage)           Turns: 242, Time: 00:04:23

Health: 0/13       AC:  2    Str:  4    XL:     2   Next: 0%
Magic:  1/7        EV: 18    Int: 16    God:
Gold:   0          SH:  0    Dex: 16    Spells: 1 memorised, 5 levels left

rFire  . . .     SeeInvis +     (no weapon)
rCold  . . .     Clarity  .     a - +0 robe
rNeg   . . .     SustAb   .     (shield restricted)
rPois  .         Gourm    .     (helmet restricted)
rElec  .         Spirit   .     (no cloak)
rCorr  .         Warding  .     (gloves unavailable)
rMut   .         Stasis   .     (boots unavailable)
MR     .....                    (no amulet)
Stlth  +++.......               (no ring)
                                (no ring)

@: very quick, not resistant to hostile enchantments, fairly stealthy
A: unfitting armour, see invisible, herbivore 3, speed 3, slow metabolism 2
a: Make oklob sapling


You were in the Realm of Zot.
You were not hungry.

You visited 1 branch

Inventory:

Armour
 a - a +0 robe (worn)
Scrolls
 i - a scroll of blinking
Potions
 c - 3 potions of curing
 f - a potion of haste
 g - a potion of magic
 h - a potion of berserk rage
Books
 b - a Young Poisoner's Handbook

   Spells                             Type                      Level
   a - Sting                          Conjuration/Poison           1
   b - Cure Poison                    Poison                       2
   c - Mephitic Cloud                 Conjuration/Poison/Air       3
   d - Olgreb's Toxic Radiance        Poison                       4
   e - Venom Bolt                     Conjuration/Poison           5
Comestibles
 d - a bread ration


   Skills:
 + Level 3.2 Dodging
 - Level 3.0 Stealth
 + Level 2.8 Spellcasting
 + Level 4.2 Poison Magic


You had 5 spell levels left.
You knew the following spells:

 Your Spells              Type           Power        Failure   Level  Hunger
a - Sting                 Conj/Pois      #...         10%         1    #......


Dungeon Overview and Level Annotations

Branches:
    Zot (1/1)

Altars:


Innate Abilities, Weirdness & Mutations

You are tiny and cannot use many weapons and most armour.
You have supernaturally acute eyesight.
You are a herbivore.
You cover ground extremely quickly.
You need consume almost no food.


Message History

You hit the kobold but do no damage. The bat barely misses you.
The bat closely misses you. The kobold closely misses you.
You hit the kobold.
The kobold is severely wounded.
The bat hits you. The bat completely misses you.
The giant cockroach completely misses you.
The kobold barely misses you.
You miss the kobold.
The kobold is severely wounded.
The bat completely misses you. The giant cockroach misses you.
The bat hits you. The kobold barely misses you.
The giant cockroach bites you but does no damage.
You barely miss the kobold.
The kobold is severely wounded.
The bat hits you but does no damage. The bat barely misses you.
The giant cockroach closely misses you. The kobold completely misses you.
Rocco the orc wizard comes into view. It is wielding a dagger.
The bat barely misses you. The bat hits you but does no damage.
The giant cockroach bites you but does no damage.
The kobold hits you with a short sword.
* * * LOW HITPOINT WARNING * * *
The bat completely misses you. The bat barely misses you.
The giant cockroach misses you. The kobold hits you with a short sword.
You die...

▓∆∆▓ ▓∆∆▓ #▓∆∆▓ ▓∆∆▓# ▓▓▓▓▓▓▓▓
▓▓▓▓▓▓▓▓ ....▓▓▓▓ ▓▓▓▓....
.......▓▓▓ ▓▓▓....... .........▓▓
▓▓......... ..........▓ ▓▓▓▓▓▓▓▓▓
▓..........
..........▓▓▓.......▓▓▓..........
..........▓▓.........▓▓..........
..........▓......s....▓..........
...............†@)b..o...........
..........▓.....bK....▓..........
..........▓▓.........▓▓..........
..........▓▓▓.......▓▓▓..........
..........# ▓▓▓▓▓▓▓▓▓ #..........
.........## ##.........
.......### ###....... ....####
####.... ######### #########
........### ###........
....##....## ##....##....


You could see Rocco the orc wizard, a giant cockroach, 2 bats and a kobold.

Vanquished Creatures
  A giant cockroach (Zot)
  A goblin (Zot)
  2 bats (Zot)
4 creatures vanquished.

Notes
Turn   | Place    | Note
--------------------------------------------------------------
     0 | Zot      | carlseen, the Spriggan Venom Mage, began the quest for the Orb.
     0 | Zot      | Reached XP level 1. HP: 9/9 MP: 4/4
   228 | Zot      | Reached XP level 2. HP: 10/13 MP: 1/7
   241 | Zot      | Noticed Rocco
   242 | Zot      | Slain by a kobold

Action                   || total
-------------------------++-------
Melee: Unarmed           ||    30
 Cast: Sting             ||    13
  Use: Potion            ||     2
